[ AOE2 MATCH · #467408933 ]
UnrankedItalians vs Lithuanians
[ REPLAY ANALYSIS · EXTRACTED FROM THE RECORDED GAME ]
Feudal
12:06
Castle
16:01
Imperial
—
| APM avg | 42.9 |
| APM peak | 72 |
| eAPM avg | 22.2 |
| Villagers / military | 70 / 59 |
Focus
⚔️ 34.8% · 🌾 65.2%
Genoese Crossbowman ×58 · Fishing Ship ×11 · Militia ×1
Feudal
12:34
Castle
16:04
Imperial
—
| APM avg | 34.9 |
| APM peak | 65 |
| eAPM avg | 19.9 |
| Villagers / military | 116 / 22 |
Focus
⚔️ 19.0% · 🌾 81.0%
Knight ×11 · Fishing Ship ×8 · Monk ×6 · Scorpion ×4 · Unknown (2626) ×4 · Spearman ×1
Feudal
13:30
Castle
20:16
Imperial
—
| APM avg | 41.8 |
| APM peak | 83 |
| eAPM avg | 22.6 |
| Villagers / military | 101 / 29 |
Focus
⚔️ 18.8% · 🌾 81.2%
Fishing Ship ×24 · Conquistador ×22 · Unknown (2626) ×13 · Knight ×7
Feudal
12:27
Castle
16:35
Imperial
—
| APM avg | 25.1 |
| APM peak | 51 |
| eAPM avg | 12.4 |
| Villagers / military | 76 / 69 |
Focus
⚔️ 22.2% · 🌾 77.8%
Knight ×33 · Spearman ×19 · Fishing Ship ×9 · Skirmisher ×7 · Camel Scout ×7 · Monk ×3
Feudal
14:24
Castle
18:05
Imperial
—
| APM avg | 33.0 |
| APM peak | 64 |
| eAPM avg | 19.5 |
| Villagers / military | 121 / 80 |
Focus
⚔️ 33.4% · 🌾 66.6%
Camel Scout ×42 · Knight ×32 · Fishing Ship ×26 · Spearman ×4 · Mangonel ×2
Feudal
13:10
Castle
16:40
Imperial
33:05
| APM avg | 60.6 |
| APM peak | 96 |
| eAPM avg | 27.1 |
| Villagers / military | 143 / 62 |
Focus
⚔️ 28.4% · 🌾 71.6%
Conquistador ×54 · Fishing Ship ×14 · Trebuchet (Packed) ×8
Match map
Initial resources + every placement click. Lines = walls · curves = elevation contours. ◆ gold · ⬟ stone · ● berries · ✦ relic · ◌ wall gap
Inputs per minute
— Ritter der Kokosnuss - - |Thepejezombie
Build order — Ritter der Kokosnuss
First 150 of 216 actions detected
| 0:03 | Build | Town Center |
| 1:12 | Build | Dock |
| 1:15 | Build | House |
| 2:36 | Create | Villager (Male) |
| 2:36 | Create | Villager (Male) |
| 2:37 | Create | Villager (Male) |
| 2:47 | Create | Villager (Male) |
| 2:47 | Create | Villager (Male) |
| 3:35 | Build | House |
| 3:52 | Build | House |
| 3:57 | Build | House |
| 4:12 | Create | Fishing Ship |
| 4:23 | Create | Villager (Male) |
| 4:23 | Create | Villager (Male) |
| 4:24 | Research | Loom |
| 4:43 | Create | Fishing Ship |
| 5:06 | Create | Fishing Ship |
| 5:16 | Build | House |
| 5:36 | Create | Villager (Male) |
| 5:36 | Create | Villager (Male) |
| 5:53 | Create | Fishing Ship |
| 6:12 | Create | Fishing Ship |
| 6:17 | Create | Villager (Male) |
| 6:33 | Create | Fishing Ship |
| 6:46 | Build | House |
| 6:49 | Create | Villager (Male) |
| 7:08 | Create | Villager (Male) |
| 7:13 | Create | Fishing Ship |
| 7:29 | Create | Villager (Male) |
| 7:50 | Create | Villager (Male) |
| 8:00 | Build | House |
| 8:09 | Create | Villager (Male) |
| 8:49 | Build | Mill |
| 8:52 | Build | House |
| 9:00 | Create | Villager (Male) |
| 9:01 | Create | Villager (Male) |
| 9:09 | Build | House |
| 9:56 | Research | Feudal Age |
| 10:12 | Build | House |
| 10:20 | Build | Mining Camp |
| 11:06 | Build | House |
| 12:06 | Age | Feudal Age |
| 12:09 | Build | Market |
| 12:15 | Create | Villager (Male) |
| 12:19 | Build | Blacksmith |
| 13:12 | Build | Mining Camp |
| 13:21 | Research | Castle Age |
| 13:22 | Research | Castle Age |
| 13:53 | Build | Outpost |
| 14:04 | Create | Villager (Male) |
| 14:14 | Build | Outpost |
| 14:36 | Research | Fletching |
| 14:37 | Research | Fletching |
| 16:01 | Age | Castle Age |
| 16:03 | Build | Castle |
| 16:16 | Create | Villager (Male) |
| 16:18 | Research | Bodkin Arrow |
| 16:18 | Research | Bodkin Arrow |
| 16:38 | Create | Villager (Male) |
| 16:46 | Build | Palisade Wall |
| 17:06 | Create | Genoese Crossbowman |
| 17:06 | Create | Genoese Crossbowman |
| 17:42 | Create | Villager (Male) |
| 17:43 | Create | Villager (Male) |
| 17:55 | Create | Villager (Male) |
| 18:03 | Create | Genoese Crossbowman |
| 18:03 | Create | Genoese Crossbowman |
| 18:34 | Create | Genoese Crossbowman |
| 18:34 | Create | Genoese Crossbowman |
| 18:47 | Build | Outpost |
| 19:25 | Create | Genoese Crossbowman |
| 19:25 | Create | Genoese Crossbowman |
| 20:22 | Create | Villager (Male) |
| 20:26 | Create | Genoese Crossbowman |
| 20:26 | Create | Genoese Crossbowman |
| 21:41 | Build | Lumber Camp |
| 22:03 | Create | Genoese Crossbowman |
| 22:04 | Create | Genoese Crossbowman |
| 22:04 | Create | Genoese Crossbowman |
| 23:29 | Build | University |
| 23:37 | Research | Double-Bit Axe |
| 23:37 | Research | Gold Mining |
| 23:39 | Research | Forging |
| 23:42 | Create | Genoese Crossbowman |
| 23:42 | Create | Genoese Crossbowman |
| 23:58 | Create | Genoese Crossbowman |
| 25:18 | Build | Town Center |
| 25:38 | Create | Genoese Crossbowman |
| 25:38 | Create | Genoese Crossbowman |
| 26:07 | Build | House |
| 26:10 | Create | Genoese Crossbowman |
| 26:12 | Create | Villager (Male) |
| 26:13 | Create | Villager (Male) |
| 26:13 | Create | Villager (Male) |
| 26:20 | Create | Villager (Male) |
| 26:29 | Create | Villager (Male) |
| 26:36 | Create | Genoese Crossbowman |
| 26:37 | Create | Genoese Crossbowman |
| 26:39 | Create | Villager (Male) |
| 27:04 | Create | Genoese Crossbowman |
| 27:26 | Create | Villager (Male) |
| 27:27 | Create | Villager (Male) |
| 27:32 | Research | Ballistics |
| 27:32 | Research | Ballistics |
| 27:38 | Create | Villager (Male) |
| 28:01 | Research | Bow Saw |
| 28:02 | Research | Padded Archer Armor |
| 28:57 | Create | Villager (Male) |
| 28:57 | Create | Villager (Male) |
| 29:10 | Create | Genoese Crossbowman |
| 29:10 | Create | Genoese Crossbowman |
| 29:13 | Build | Barracks |
| 29:26 | Build | Farm |
| 29:30 | Build | Farm |
| 29:36 | Create | Villager (Male) |
| 30:00 | Build | Town Center |
| 30:07 | Build | Farm |
| 30:09 | Create | Villager (Male) |
| 30:26 | Create | Villager (Male) |
| 30:41 | Create | Genoese Crossbowman |
| 30:42 | Create | Genoese Crossbowman |
| 30:42 | Create | Genoese Crossbowman |
| 30:57 | Create | Genoese Crossbowman |
| 30:58 | Create | Villager (Male) |
| 31:04 | Build | Fish Trap |
| 31:21 | Create | Genoese Crossbowman |
| 31:21 | Create | Genoese Crossbowman |
| 31:22 | Create | Villager (Male) |
| 31:26 | Build | Farm |
| 31:45 | Build | Dock |
| 31:59 | Create | Genoese Crossbowman |
| 31:59 | Create | Genoese Crossbowman |
| 32:01 | Create | Villager (Male) |
| 32:46 | Create | Genoese Crossbowman |
| 32:46 | Create | Genoese Crossbowman |
| 32:46 | Create | Genoese Crossbowman |
| 32:47 | Create | Genoese Crossbowman |
| 32:47 | Create | Villager (Male) |
| 32:48 | Create | Villager (Male) |
| 32:56 | Create | Villager (Male) |
| 32:57 | Create | Villager (Male) |
| 33:00 | Build | Farm |
| 33:06 | Build | Farm |
| 33:07 | Build | Farm |
| 33:10 | Build | Farm |
| 33:16 | Create | Genoese Crossbowman |
| 33:16 | Create | Genoese Crossbowman |
| 33:29 | Research | Horse Collar |
| 33:29 | Research | Horse Collar |
| 33:56 | Research | Tech 906 |
Build order — |Thepejezombie
First 150 of 246 actions detected
| 0:10 | Build | Town Center |
| 0:49 | Build | Dock |
| 0:53 | Build | House |
| 2:25 | Create | Villager (Male) |
| 2:25 | Create | Villager (Male) |
| 2:26 | Create | Villager (Male) |
| 2:26 | Create | Villager (Male) |
| 2:27 | Create | Villager (Male) |
| 2:27 | Create | Villager (Male) |
| 2:27 | Create | Villager (Male) |
| 3:50 | Create | Villager (Male) |
| 3:54 | Create | Fishing Ship |
| 3:59 | Build | House |
| 4:42 | Create | Fishing Ship |
| 5:06 | Create | Villager (Male) |
| 5:15 | Build | House |
| 5:40 | Create | Villager (Male) |
| 5:41 | Create | Fishing Ship |
| 6:04 | Create | Villager (Male) |
| 6:24 | Create | Fishing Ship |
| 6:30 | Create | Villager (Male) |
| 6:50 | Build | House |
| 6:54 | Create | Villager (Male) |
| 6:59 | Create | Villager (Male) |
| 7:00 | Create | Fishing Ship |
| 7:12 | Create | Villager (Male) |
| 7:24 | Build | House |
| 7:29 | Research | Loom |
| 7:29 | Create | Villager (Male) |
| 7:29 | Create | Villager (Male) |
| 7:41 | Create | Fishing Ship |
| 7:45 | Create | Villager (Male) |
| 8:00 | Create | Villager (Male) |
| 8:10 | Create | Fishing Ship |
| 8:20 | Build | House |
| 8:23 | Create | Villager (Male) |
| 8:45 | Create | Fishing Ship |
| 9:38 | Build | House |
| 9:42 | Build | House |
| 9:48 | Create | Villager (Male) |
| 9:53 | Build | Lumber Camp |
| 10:15 | Build | House |
| 10:15 | Research | Feudal Age |
| 10:42 | Build | Palisade Wall |
| 11:25 | Build | Barracks |
| 11:39 | Build | Palisade Wall |
| 12:28 | Create | Villager (Male) |
| 12:31 | Create | Villager (Male) |
| 12:34 | Age | Feudal Age |
| 12:37 | Build | Stable |
| 12:41 | Build | Blacksmith |
| 13:17 | Research | Castle Age |
| 13:19 | Build | Mill |
| 13:25 | Build | House |
| 13:36 | Research | Double-Bit Axe |
| 14:00 | Create | Villager (Male) |
| 14:25 | Build | Stable |
| 14:59 | Build | House |
| 15:03 | Research | Bloodlines |
| 15:50 | Create | Villager (Male) |
| 15:57 | Create | Spearman |
| 16:04 | Age | Castle Age |
| 16:04 | Create | Knight |
| 16:05 | Create | Knight |
| 16:15 | Build | House |
| 16:18 | Create | Villager (Male) |
| 16:23 | Create | Knight |
| 16:29 | Create | Knight |
| 16:42 | Create | Knight |
| 16:54 | Create | Villager (Male) |
| 17:04 | Build | Town Center |
| 17:07 | Create | Villager (Male) |
| 17:29 | Create | Unit 2626 |
| 17:29 | Create | Unit 2626 |
| 17:35 | Build | House |
| 17:55 | Create | Villager (Male) |
| 18:20 | Create | Villager (Male) |
| 18:23 | Build | Farm |
| 18:26 | Build | Mill |
| 18:42 | Create | Villager (Male) |
| 18:43 | Create | Villager (Male) |
| 18:44 | Create | Villager (Male) |
| 18:52 | Create | Unit 2626 |
| 19:38 | Build | Monastery |
| 20:11 | Create | Monk |
| 20:22 | Create | Monk |
| 21:11 | Research | Sanctity |
| 21:14 | Create | Knight |
| 21:14 | Create | Knight |
| 21:18 | Create | Villager (Male) |
| 21:19 | Build | Farm |
| 21:20 | Create | Villager (Male) |
| 21:23 | Build | Farm |
| 21:23 | Create | Monk |
| 21:26 | Create | Knight |
| 21:26 | Create | Knight |
| 21:50 | Create | Unit 2626 |
| 21:57 | Create | Knight |
| 22:01 | Create | Villager (Male) |
| 22:27 | Create | Villager (Male) |
| 22:35 | Create | Villager (Male) |
| 22:36 | Create | Villager (Male) |
| 22:40 | Create | Villager (Male) |
| 22:40 | Create | Villager (Male) |
| 23:08 | Create | Villager (Male) |
| 23:08 | Create | Villager (Male) |
| 23:12 | Create | Villager (Male) |
| 23:14 | Build | Farm |
| 23:16 | Build | Farm |
| 23:41 | Build | House |
| 23:42 | Build | House |
| 23:50 | Create | Villager (Male) |
| 23:50 | Create | Villager (Male) |
| 23:51 | Create | Villager (Male) |
| 24:03 | Create | Monk |
| 24:24 | Create | Villager (Male) |
| 24:24 | Create | Villager (Male) |
| 24:33 | Create | Villager (Male) |
| 24:55 | Build | Farm |
| 25:19 | Create | Villager (Male) |
| 25:20 | Create | Villager (Male) |
| 25:30 | Create | Monk |
| 26:01 | Build | House |
| 26:10 | Create | Monk |
| 26:34 | Create | Knight |
| 26:46 | Create | Villager (Male) |
| 27:17 | Create | Villager (Male) |
| 27:25 | Build | Lumber Camp |
| 27:38 | Create | Villager (Male) |
| 28:05 | Create | Villager (Male) |
| 28:34 | Create | Villager (Male) |
| 29:34 | Build | Town Center |
| 30:03 | Build | Market |
| 30:31 | Create | Villager (Male) |
| 30:31 | Create | Villager (Male) |
| 30:34 | Research | Bow Saw |
| 31:17 | Create | Villager (Male) |
| 31:17 | Create | Villager (Male) |
| 31:47 | Create | Villager (Male) |
| 31:47 | Create | Villager (Male) |
| 32:01 | Create | Villager (Male) |
| 32:14 | Create | Villager (Male) |
| 32:18 | Create | Villager (Male) |
| 32:18 | Create | Villager (Male) |
| 32:31 | Create | Villager (Male) |
| 32:32 | Create | Villager (Male) |
| 32:45 | Create | Villager (Male) |
| 32:47 | Build | Town Center |
| 32:48 | Create | Villager (Male) |
| 33:09 | Build | Farm |
Build order — ROBIN_HOOD_YO
First 150 of 269 actions detected
| 0:14 | Build | Town Center |
| 0:50 | Build | Dock |
| 0:52 | Build | House |
| 2:42 | Create | Villager (Male) |
| 2:43 | Create | Villager (Male) |
| 3:43 | Create | Villager (Male) |
| 3:43 | Create | Villager (Male) |
| 3:44 | Create | Villager (Male) |
| 3:46 | Create | Fishing Ship |
| 4:34 | Research | Loom |
| 5:17 | Create | Fishing Ship |
| 5:21 | Create | Villager (Male) |
| 5:28 | Build | House |
| 6:00 | Create | Villager (Male) |
| 6:01 | Create | Villager (Male) |
| 6:04 | Create | Fishing Ship |
| 6:31 | Create | Villager (Male) |
| 6:41 | Create | Villager (Male) |
| 6:41 | Create | Villager (Male) |
| 6:46 | Build | House |
| 6:58 | Build | House |
| 7:08 | Create | Fishing Ship |
| 7:10 | Build | House |
| 7:15 | Create | Villager (Male) |
| 7:34 | Create | Villager (Male) |
| 7:35 | Create | Villager (Male) |
| 7:54 | Create | Fishing Ship |
| 8:10 | Create | Villager (Male) |
| 8:10 | Create | Villager (Male) |
| 8:23 | Create | Fishing Ship |
| 8:27 | Build | House |
| 8:38 | Create | Villager (Male) |
| 8:38 | Create | Villager (Male) |
| 8:41 | Build | House |
| 8:49 | Build | House |
| 8:56 | Build | House |
| 9:04 | Build | House |
| 9:08 | Create | Fishing Ship |
| 9:35 | Create | Villager (Male) |
| 9:35 | Create | Villager (Male) |
| 9:57 | Create | Fishing Ship |
| 10:51 | Build | Mining Camp |
| 10:55 | Create | Villager (Male) |
| 11:15 | Build | House |
| 11:17 | Research | Feudal Age |
| 11:49 | Build | Lumber Camp |
| 12:02 | Build | House |
| 12:39 | Build | Dock |
| 12:50 | Build | House |
| 12:51 | Build | House |
| 12:55 | Create | Villager (Male) |
| 12:55 | Create | Villager (Male) |
| 12:55 | Create | Villager (Male) |
| 13:30 | Age | Feudal Age |
| 13:32 | Create | Fishing Ship |
| 13:36 | Create | Fishing Ship |
| 13:42 | Research | Double-Bit Axe |
| 14:32 | Build | Blacksmith |
| 14:35 | Create | Villager (Male) |
| 14:35 | Create | Villager (Male) |
| 14:42 | Create | Unit 2626 |
| 14:42 | Create | Unit 2626 |
| 15:04 | Build | Mill |
| 15:06 | Create | Villager (Male) |
| 15:06 | Create | Villager (Male) |
| 15:28 | Build | Palisade Wall |
| 15:33 | Create | Unit 2626 |
| 15:34 | Create | Unit 2626 |
| 15:44 | Create | Unit 2626 |
| 15:45 | Create | Unit 2626 |
| 15:57 | Create | Villager (Male) |
| 15:57 | Create | Villager (Male) |
| 16:38 | Build | Market |
| 17:20 | Create | Unit 2626 |
| 17:20 | Create | Unit 2626 |
| 17:30 | Build | Palisade Wall |
| 17:36 | Research | Castle Age |
| 17:43 | Build | House |
| 17:44 | Build | House |
| 17:52 | Research | Gold Mining |
| 18:16 | Build | Mining Camp |
| 18:33 | Create | Unit 2626 |
| 18:33 | Create | Unit 2626 |
| 18:46 | Research | Stone Mining |
| 19:09 | Build | Palisade Wall |
| 19:30 | Create | Fishing Ship |
| 19:30 | Create | Fishing Ship |
| 19:34 | Create | Fishing Ship |
| 19:34 | Create | Fishing Ship |
| 19:58 | Build | House |
| 19:58 | Build | House |
| 20:16 | Age | Castle Age |
| 20:24 | Research | War Galley (upgrade) |
| 20:31 | Create | Villager (Male) |
| 20:31 | Create | Villager (Male) |
| 20:31 | Create | Villager (Male) |
| 20:31 | Create | Villager (Male) |
| 20:32 | Create | Villager (Male) |
| 21:24 | Create | Villager (Male) |
| 21:24 | Create | Villager (Male) |
| 21:24 | Create | Villager (Male) |
| 21:24 | Create | Villager (Male) |
| 21:25 | Create | Villager (Male) |
| 21:31 | Build | Castle |
| 21:35 | Create | Villager (Male) |
| 21:36 | Create | Villager (Male) |
| 21:36 | Create | Villager (Male) |
| 22:00 | Create | Unit 2626 |
| 22:00 | Create | Unit 2626 |
| 22:03 | Create | Villager (Male) |
| 22:03 | Create | Villager (Male) |
| 22:11 | Build | Dock |
| 22:17 | Create | Conquistador |
| 22:17 | Create | Conquistador |
| 22:18 | Create | Conquistador |
| 22:18 | Create | Conquistador |
| 22:38 | Create | Unit 2626 |
| 23:16 | Build | Lumber Camp |
| 23:47 | Create | Villager (Male) |
| 23:48 | Create | Villager (Male) |
| 23:48 | Create | Villager (Male) |
| 23:56 | Create | Conquistador |
| 23:57 | Create | Conquistador |
| 24:06 | Create | Fishing Ship |
| 24:38 | Build | Town Center |
| 25:02 | Build | Town Center |
| 25:04 | Create | Villager (Male) |
| 25:04 | Create | Villager (Male) |
| 25:04 | Create | Villager (Male) |
| 25:21 | Create | Villager (Male) |
| 25:21 | Create | Villager (Male) |
| 25:29 | Build | House |
| 25:31 | Build | House |
| 25:57 | Create | Villager (Male) |
| 25:57 | Create | Villager (Male) |
| 27:05 | Create | Villager (Male) |
| 27:05 | Create | Villager (Male) |
| 27:06 | Create | Villager (Male) |
| 27:43 | Create | Villager (Male) |
| 27:44 | Create | Villager (Male) |
| 28:01 | Create | Fishing Ship |
| 28:01 | Create | Fishing Ship |
| 28:05 | Create | Fishing Ship |
| 28:05 | Create | Fishing Ship |
| 28:08 | Build | House |
| 28:08 | Build | House |
| 28:08 | Build | House |
| 28:11 | Create | Villager (Male) |
| 28:12 | Create | Villager (Male) |
| 28:19 | Build | Stone Wall |
Build order — Gerbano
First 150 of 213 actions detected
| 0:14 | Build | Town Center |
| 0:22 | Build | House |
| 1:43 | Build | Dock |
| 2:30 | Create | Villager (Male) |
| 2:31 | Create | Villager (Male) |
| 2:31 | Create | Villager (Male) |
| 2:32 | Create | Villager (Male) |
| 2:32 | Create | Villager (Male) |
| 2:32 | Create | Villager (Male) |
| 2:50 | Create | Fishing Ship |
| 3:55 | Create | Fishing Ship |
| 4:08 | Create | Villager (Male) |
| 4:17 | Build | House |
| 4:23 | Build | House |
| 4:34 | Research | Loom |
| 4:53 | Create | Fishing Ship |
| 5:23 | Create | Fishing Ship |
| 5:27 | Create | Villager (Male) |
| 5:51 | Create | Fishing Ship |
| 5:58 | Create | Villager (Male) |
| 6:36 | Create | Villager (Male) |
| 6:54 | Create | Villager (Male) |
| 6:58 | Create | Fishing Ship |
| 7:02 | Build | House |
| 7:05 | Build | House |
| 7:28 | Create | Villager (Male) |
| 7:36 | Create | Villager (Male) |
| 7:37 | Create | Villager (Male) |
| 7:37 | Create | Villager (Male) |
| 8:05 | Create | Fishing Ship |
| 8:40 | Create | Villager (Male) |
| 8:41 | Create | Villager (Male) |
| 9:12 | Create | Fishing Ship |
| 9:14 | Create | Fishing Ship |
| 9:20 | Build | Mill |
| 9:35 | Create | Villager (Male) |
| 9:37 | Create | Villager (Male) |
| 9:59 | Build | House |
| 10:15 | Build | Mining Camp |
| 10:21 | Research | Feudal Age |
| 11:02 | Create | Villager (Male) |
| 11:02 | Create | Villager (Male) |
| 12:18 | Build | Barracks |
| 12:27 | Age | Feudal Age |
| 12:39 | Build | Blacksmith |
| 12:46 | Create | Villager (Male) |
| 13:23 | Build | Stable |
| 13:27 | Create | Villager (Male) |
| 13:58 | Research | Tech 906 |
| 14:10 | Research | Castle Age |
| 14:21 | Build | Stable |
| 15:00 | Build | House |
| 15:03 | Build | House |
| 15:48 | Research | Bloodlines |
| 15:53 | Research | Forging |
| 16:31 | Research | Horse Collar |
| 16:35 | Age | Castle Age |
| 16:36 | Build | Farm |
| 16:36 | Build | Farm |
| 16:37 | Build | Farm |
| 16:38 | Build | Farm |
| 16:40 | Build | Farm |
| 16:43 | Create | Knight ×2 |
| 16:59 | Create | Villager (Male) |
| 16:59 | Create | Villager (Male) |
| 17:20 | Build | Dock |
| 17:38 | Create | Villager (Male) |
| 17:44 | Create | Knight |
| 17:45 | Create | Knight |
| 17:45 | Create | Knight |
| 18:01 | Create | Knight |
| 18:04 | Create | Villager (Male) |
| 18:05 | Create | Villager (Male) |
| 18:17 | Build | Lumber Camp |
| 19:30 | Create | Villager (Male) |
| 19:30 | Create | Villager (Male) |
| 19:32 | Create | Knight ×4 |
| 20:00 | Build | House |
| 20:03 | Build | House |
| 20:05 | Build | House |
| 20:06 | Build | House |
| 20:12 | Research | Wheelbarrow |
| 20:17 | Research | Scale Barding Armor |
| 21:04 | Create | Villager (Male) |
| 21:05 | Create | Villager (Male) |
| 21:11 | Build | Town Center |
| 21:14 | Research | Double-Bit Axe |
| 21:19 | Create | Knight |
| 21:19 | Create | Knight |
| 22:13 | Create | Villager (Male) |
| 22:14 | Create | Villager (Male) |
| 22:14 | Create | Villager (Male) |
| 22:17 | Create | Knight ×2 |
| 23:00 | Create | Knight ×2 |
| 23:03 | Create | Villager (Male) |
| 23:05 | Create | Villager (Male) |
| 23:05 | Create | Villager (Male) |
| 23:19 | Create | Villager (Male) |
| 23:20 | Create | Villager (Male) |
| 23:33 | Build | Town Center |
| 23:41 | Create | Villager (Male) |
| 23:41 | Create | Villager (Male) |
| 24:28 | Create | Villager (Male) |
| 24:29 | Create | Villager (Male) |
| 24:29 | Create | Villager (Male) |
| 24:36 | Build | Monastery |
| 25:01 | Research | Chain Barding Armor |
| 25:07 | Create | Camel Scout ×3 |
| 25:11 | Create | Villager (Male) |
| 25:17 | Build | Farm |
| 25:17 | Build | Farm |
| 25:18 | Build | Farm |
| 25:19 | Build | Farm |
| 25:23 | Create | Monk |
| 26:50 | Research | Husbandry |
| 26:51 | Create | Camel Scout ×4 |
| 26:52 | Create | Villager (Male) |
| 26:53 | Create | Villager (Male) |
| 26:53 | Create | Villager (Male) |
| 26:53 | Create | Villager (Male) |
| 27:11 | Build | Market |
| 27:15 | Build | Farm |
| 27:38 | Build | House |
| 27:38 | Build | House |
| 27:39 | Build | House |
| 27:39 | Build | House |
| 27:39 | Build | House |
| 27:45 | Build | Barracks |
| 27:46 | Build | Barracks |
| 27:55 | Research | Pikeman (upgrade) |
| 27:56 | Create | Spearman ×4 |
| 27:59 | Research | Scale Mail Armor |
| 28:00 | Research | Iron Casting |
| 28:48 | Research | Devotion |
| 28:50 | Create | Villager (Male) |
| 28:50 | Create | Villager (Male) |
| 28:51 | Create | Villager (Male) |
| 28:51 | Create | Villager (Male) |
| 28:52 | Build | Farm |
| 29:26 | Create | Monk |
| 29:30 | Build | Farm |
| 29:36 | Create | Villager (Male) |
| 29:36 | Create | Villager (Male) |
| 29:36 | Create | Villager (Male) |
| 29:46 | Research | Gold Mining |
| 30:02 | Create | Villager (Male) |
| 30:02 | Create | Villager (Male) |
| 30:09 | Create | Spearman ×5 |
| 30:12 | Research | Chain Mail Armor |
| 30:59 | Build | Farm |
Build order — Saint Martinique
First 150 of 348 actions detected
| 0:17 | Build | Town Center |
| 1:46 | Build | Dock |
| 1:49 | Build | House |
| 2:33 | Create | Villager (Male) |
| 2:33 | Create | Villager (Male) |
| 2:33 | Create | Villager (Male) |
| 2:34 | Create | Villager (Male) |
| 2:35 | Create | Fishing Ship |
| 2:35 | Create | Fishing Ship |
| 2:37 | Create | Villager (Male) |
| 2:37 | Create | Villager (Male) |
| 3:58 | Create | Fishing Ship |
| 4:15 | Build | House |
| 4:35 | Create | Villager (Male) |
| 4:48 | Create | Fishing Ship |
| 5:08 | Create | Villager (Male) |
| 5:09 | Create | Villager (Male) |
| 5:21 | Create | Fishing Ship |
| 5:42 | Create | Villager (Male) |
| 5:43 | Create | Villager (Male) |
| 5:50 | Build | House |
| 6:07 | Create | Fishing Ship |
| 6:19 | Create | Villager (Male) |
| 6:19 | Create | Villager (Male) |
| 6:48 | Create | Villager (Male) |
| 6:49 | Create | Villager (Male) |
| 6:52 | Create | Fishing Ship |
| 6:53 | Create | Fishing Ship |
| 7:00 | Build | House |
| 7:10 | Create | Villager (Male) |
| 7:11 | Create | Villager (Male) |
| 7:46 | Create | Villager (Male) |
| 7:49 | Build | Dock |
| 8:05 | Build | House |
| 8:10 | Create | Villager (Male) |
| 8:10 | Create | Villager (Male) |
| 8:20 | Create | Fishing Ship |
| 8:28 | Create | Villager (Male) |
| 8:28 | Create | Villager (Male) |
| 8:31 | Create | Fishing Ship |
| 8:55 | Create | Fishing Ship |
| 8:59 | Create | Fishing Ship |
| 9:00 | Create | Villager (Male) |
| 9:10 | Build | House |
| 9:13 | Create | Villager (Male) |
| 9:14 | Create | Villager (Male) |
| 9:26 | Create | Fishing Ship |
| 9:38 | Create | Villager (Male) |
| 9:42 | Create | Fishing Ship |
| 9:54 | Build | House |
| 10:10 | Create | Villager (Male) |
| 10:11 | Create | Villager (Male) |
| 10:11 | Create | Villager (Male) |
| 10:15 | Build | Dock |
| 10:20 | Create | Fishing Ship |
| 10:29 | Create | Villager (Male) |
| 10:42 | Create | Fishing Ship |
| 10:59 | Create | Fishing Ship |
| 11:04 | Create | Fishing Ship |
| 11:09 | Build | House |
| 11:28 | Build | Lumber Camp |
| 11:37 | Create | Fishing Ship |
| 11:39 | Create | Villager (Male) |
| 12:00 | Build | House |
| 12:07 | Create | Fishing Ship |
| 12:08 | Create | Fishing Ship |
| 12:20 | Research | Feudal Age |
| 12:20 | Research | Feudal Age |
| 12:29 | Build | Dock |
| 12:58 | Build | House |
| 13:06 | Create | Villager (Male) |
| 13:13 | Create | Fishing Ship |
| 13:13 | Create | Fishing Ship |
| 13:14 | Create | Fishing Ship |
| 13:29 | Build | Mill |
| 13:41 | Build | Mining Camp |
| 13:47 | Create | Villager (Male) |
| 14:24 | Age | Feudal Age |
| 14:27 | Build | Market |
| 14:36 | Create | Villager (Male) |
| 14:41 | Build | Blacksmith |
| 14:49 | Research | Double-Bit Axe |
| 15:21 | Build | Dock |
| 15:40 | Research | Castle Age |
| 15:53 | Build | Barracks |
| 15:55 | Research | Scale Barding Armor |
| 16:04 | Research | Gold Mining |
| 16:04 | Research | Gold Mining |
| 16:10 | Create | Villager (Male) |
| 16:12 | Build | House |
| 16:14 | Build | House |
| 16:32 | Build | House |
| 16:46 | Build | Barracks |
| 16:51 | Build | Palisade Wall |
| 16:54 | Build | Palisade Wall |
| 17:00 | Research | Forging |
| 17:01 | Create | Villager (Male) |
| 17:22 | Build | Stable |
| 17:29 | Build | House |
| 17:30 | Build | Palisade Wall |
| 17:36 | Build | Palisade Wall |
| 17:37 | Build | Palisade Wall |
| 17:48 | Build | Palisade Wall |
| 17:52 | Build | House |
| 17:55 | Build | Palisade Wall |
| 18:05 | Age | Castle Age |
| 18:10 | Create | Villager (Male) |
| 18:12 | Build | House |
| 18:16 | Create | Camel Scout |
| 18:20 | Build | Stable |
| 18:26 | Build | House |
| 18:34 | Build | Palisade Wall |
| 18:39 | Build | Palisade Wall |
| 18:41 | Create | Camel Scout |
| 18:42 | Create | Villager (Male) |
| 18:48 | Create | Villager (Male) |
| 18:55 | Create | Camel Scout |
| 18:55 | Create | Camel Scout |
| 19:01 | Create | Camel Scout |
| 19:12 | Build | Palisade Wall |
| 19:15 | Build | Palisade Wall |
| 19:17 | Build | Palisade Wall |
| 19:21 | Build | Palisade Wall |
| 19:24 | Create | Camel Scout |
| 19:24 | Create | Camel Scout |
| 19:24 | Create | Camel Scout |
| 19:24 | Create | Camel Scout |
| 19:25 | Create | Camel Scout |
| 19:46 | Create | Camel Scout |
| 19:46 | Create | Camel Scout |
| 19:47 | Create | Villager (Male) |
| 19:53 | Build | Mining Camp |
| 19:56 | Create | Villager (Male) |
| 20:04 | Research | Tech 906 |
| 20:21 | Create | Villager (Male) |
| 20:22 | Create | Villager (Male) |
| 20:26 | Research | Husbandry |
| 20:27 | Research | Bloodlines |
| 20:45 | Create | Villager (Male) |
| 21:03 | Build | Siege Workshop |
| 21:06 | Create | Villager (Male) |
| 21:20 | Research | Chain Barding Armor |
| 21:25 | Create | Knight |
| 21:25 | Create | Knight |
| 21:26 | Create | Knight |
| 21:27 | Create | Knight |
| 21:39 | Create | Villager (Male) |
| 21:50 | Create | Mangonel |
| 21:52 | Build | House |
| 22:20 | Research | Loom |
Build order — AOKI_Nyusika
First 150 of 377 actions detected
| 0:06 | Build | Town Center |
| 1:17 | Build | Dock |
| 1:20 | Build | House |
| 2:26 | Create | Villager (Male) |
| 2:27 | Create | Villager (Male) |
| 2:27 | Create | Villager (Male) |
| 2:27 | Create | Villager (Male) |
| 2:27 | Create | Villager (Male) |
| 3:39 | Create | Fishing Ship |
| 4:38 | Create | Villager (Male) |
| 4:38 | Create | Villager (Male) |
| 4:40 | Build | House |
| 5:05 | Create | Villager (Male) |
| 5:05 | Create | Villager (Male) |
| 5:06 | Create | Fishing Ship |
| 5:06 | Create | Fishing Ship |
| 5:31 | Create | Villager (Male) |
| 5:31 | Create | Villager (Male) |
| 5:51 | Create | Fishing Ship |
| 5:56 | Create | Villager (Male) |
| 5:56 | Create | Villager (Male) |
| 6:24 | Create | Villager (Male) |
| 6:28 | Build | House |
| 6:42 | Create | Villager (Male) |
| 6:44 | Create | Fishing Ship |
| 7:07 | Build | House |
| 7:12 | Create | Villager (Male) |
| 7:30 | Create | Villager (Male) |
| 7:30 | Create | Villager (Male) |
| 7:31 | Create | Fishing Ship |
| 7:53 | Create | Villager (Male) |
| 7:53 | Create | Villager (Male) |
| 8:07 | Build | Mill |
| 8:09 | Create | Villager (Male) |
| 8:26 | Create | Villager (Male) |
| 8:30 | Build | House |
| 9:05 | Build | Mining Camp |
| 9:21 | Create | Villager (Male) |
| 9:27 | Create | Fishing Ship |
| 9:35 | Create | Villager (Male) |
| 9:36 | Research | Loom |
| 10:08 | Build | Mining Camp |
| 11:00 | Research | Feudal Age |
| 11:09 | Create | Villager (Male) |
| 11:09 | Create | Villager (Male) |
| 11:56 | Build | House |
| 13:10 | Age | Feudal Age |
| 13:11 | Build | Blacksmith |
| 13:14 | Build | Market |
| 13:20 | Build | Lumber Camp |
| 13:55 | Research | Castle Age |
| 13:56 | Research | Castle Age |
| 14:17 | Research | Double-Bit Axe |
| 15:15 | Create | Villager (Male) |
| 15:40 | Build | Dock |
| 16:40 | Age | Castle Age |
| 16:42 | Build | Castle |
| 16:43 | Research | Padded Archer Armor |
| 16:44 | Research | Bow Saw |
| 16:46 | Build | Castle |
| 16:49 | Create | Villager (Male) |
| 16:56 | Create | Fishing Ship |
| 16:57 | Create | Fishing Ship |
| 16:58 | Build | House |
| 16:59 | Build | House |
| 17:07 | Build | Palisade Wall |
| 17:08 | Build | Palisade Wall |
| 17:10 | Build | Palisade Wall |
| 17:20 | Create | Villager (Male) |
| 17:33 | Create | Villager (Male) |
| 17:40 | Create | Conquistador |
| 17:40 | Create | Conquistador |
| 17:44 | Create | Fishing Ship |
| 17:46 | Build | House |
| 18:05 | Build | House |
| 18:08 | Build | Palisade Wall |
| 18:09 | Create | Conquistador |
| 18:10 | Create | Villager (Male) |
| 18:32 | Create | Villager (Male) |
| 18:34 | Create | Conquistador |
| 18:47 | Build | Dock |
| 18:49 | Create | Villager (Male) |
| 19:04 | Build | House |
| 19:09 | Create | Conquistador |
| 19:24 | Create | Villager (Male) |
| 19:29 | Create | Fishing Ship |
| 19:29 | Create | Fishing Ship |
| 19:32 | Create | Conquistador |
| 19:45 | Create | Villager (Male) |
| 20:06 | Create | Conquistador |
| 20:07 | Create | Villager (Male) |
| 20:20 | Build | Town Center |
| 20:22 | Research | Horse Collar |
| 20:24 | Create | Conquistador |
| 20:38 | Create | Villager (Male) |
| 20:40 | Build | Farm |
| 20:40 | Build | Farm |
| 20:50 | Build | Farm |
| 20:53 | Create | Conquistador |
| 20:57 | Create | Villager (Male) |
| 21:14 | Create | Conquistador |
| 21:30 | Create | Villager (Male) |
| 21:31 | Build | Farm |
| 21:32 | Build | Farm |
| 21:38 | Build | Farm |
| 21:39 | Build | Farm |
| 21:40 | Create | Conquistador |
| 21:53 | Create | Villager (Male) |
| 21:56 | Build | Farm |
| 22:00 | Create | Villager (Male) |
| 22:00 | Create | Villager (Male) |
| 22:06 | Create | Conquistador |
| 22:12 | Create | Villager (Male) |
| 22:19 | Research | Heavy Plow |
| 22:28 | Build | Farm |
| 22:39 | Create | Villager (Male) |
| 22:39 | Create | Villager (Male) |
| 22:48 | Create | Conquistador |
| 23:05 | Create | Villager (Male) |
| 23:05 | Create | Villager (Male) |
| 23:13 | Build | Town Center |
| 23:16 | Create | Villager (Male) |
| 23:19 | Create | Villager (Male) |
| 23:19 | Create | Villager (Male) |
| 23:36 | Build | Outpost |
| 23:48 | Create | Villager (Male) |
| 23:48 | Create | Villager (Male) |
| 23:50 | Build | Farm |
| 23:50 | Build | Farm |
| 23:50 | Build | Farm |
| 23:51 | Build | Farm |
| 23:51 | Build | Farm |
| 23:51 | Build | Farm |
| 23:56 | Research | Wheelbarrow |
| 24:03 | Build | Outpost |
| 24:04 | Build | Outpost |
| 24:07 | Create | Villager (Male) |
| 24:08 | Create | Villager (Male) |
| 24:08 | Create | Villager (Male) |
| 24:08 | Create | Villager (Male) |
| 24:13 | Build | Farm |
| 24:16 | Create | Villager (Male) |
| 24:19 | Build | House |
| 24:19 | Build | House |
| 24:28 | Create | Villager (Male) |
| 24:30 | Build | Farm |
| 24:36 | Create | Villager (Male) |
| 24:36 | Create | Villager (Male) |
| 25:02 | Build | Farm |
| 25:03 | Build | Farm |
Match timeline
| 0:49 | |Thepejezombie · first_building Dock |
| 0:50 | ROBIN_HOOD_YO · first_building Dock |
| 1:12 | Ritter der Kokosnuss · first_building Dock |
| 1:17 | AOKI_Nyusika · first_building Dock |
| 1:43 | Gerbano · first_building Dock |
| 1:46 | Saint Martinique · first_building Dock |
| 10:42 | |Thepejezombie · wall_segment Palisade Wall x1 |
| 11:25 | |Thepejezombie · first_building Barracks |
| 11:39 | |Thepejezombie · wall_segment Palisade Wall x7 |
| 12:06 | Ritter der Kokosnuss · age_up feudal |
| 12:18 | Gerbano · first_building Barracks |
| 12:27 | Gerbano · age_up feudal |
| 12:34 | |Thepejezombie · age_up feudal |
| 12:37 | |Thepejezombie · first_building Stable |
| 13:10 | AOKI_Nyusika · age_up feudal |
| 13:23 | Gerbano · first_building Stable |
| 13:30 | ROBIN_HOOD_YO · age_up feudal |
| 14:24 | Saint Martinique · age_up feudal |
| 15:28 | ROBIN_HOOD_YO · wall_segment Palisade Wall x4 |
| 15:53 | Saint Martinique · first_building Barracks |
| 16:01 | Ritter der Kokosnuss · age_up castle |
| 16:03 | Ritter der Kokosnuss · first_building Castle |
| 16:04 | |Thepejezombie · age_up castle |
| 16:35 | Gerbano · age_up castle |
| 16:40 | AOKI_Nyusika · age_up castle |
| 16:42 | AOKI_Nyusika · first_building Castle |
| 16:46 | Ritter der Kokosnuss · wall_segment Palisade Wall x1 |
| 16:51 | Saint Martinique · wall_segment Palisade Wall x1 |
| 16:54 | Saint Martinique · wall_segment Palisade Wall x1 |
| 17:07 | AOKI_Nyusika · wall_segment Palisade Wall x1 |
| 17:08 | AOKI_Nyusika · wall_segment Palisade Wall x1 |
| 17:10 | AOKI_Nyusika · wall_segment Palisade Wall x1 |
| 17:18 | Saint Martinique · first_market_buy 100 wood |
| 17:22 | Saint Martinique · first_building Stable |
| 17:30 | ROBIN_HOOD_YO · wall_segment Palisade Wall x4 |
| 17:30 | Saint Martinique · wall_segment Palisade Wall x1 |
| 17:36 | Saint Martinique · wall_segment Palisade Wall x8 |
| 17:37 | Saint Martinique · wall_segment Palisade Wall x1 |
| 17:48 | Saint Martinique · wall_segment Palisade Wall x1 |
| 17:55 | Saint Martinique · wall_segment Palisade Wall x1 |
| 18:05 | Saint Martinique · age_up castle |
| 18:08 | AOKI_Nyusika · wall_segment Palisade Wall x5 |
| 18:32 | Ritter der Kokosnuss · first_market_sell 100 wood |
| 18:34 | Saint Martinique · wall_segment Palisade Wall x1 |
| 18:39 | Saint Martinique · wall_segment Palisade Wall x1 |
| 18:47 | Saint Martinique · first_market_sell 100 food |
| 19:09 | ROBIN_HOOD_YO · wall_segment Palisade Wall x5 |
| 19:12 | Saint Martinique · wall_segment Palisade Wall x1 |
| 19:15 | Saint Martinique · wall_segment Palisade Wall x1 |
| 19:17 | Saint Martinique · wall_segment Palisade Wall x1 |
| 19:21 | Saint Martinique · wall_segment Palisade Wall x2 |
| 19:38 | |Thepejezombie · first_building Monastery |
| 20:16 | ROBIN_HOOD_YO · age_up castle |
| 21:03 | Saint Martinique · first_building Siege Workshop |
| 21:31 | ROBIN_HOOD_YO · first_building Castle |
| 24:36 | Gerbano · first_building Monastery |
| 25:47 | Saint Martinique · wall_segment Palisade Wall x1 |
| 26:07 | Saint Martinique · wall_segment Palisade Wall x1 |
| 26:19 | AOKI_Nyusika · first_market_buy 100 wood |
| 26:28 | Saint Martinique · wall_segment Palisade Wall x1 |
| 28:19 | ROBIN_HOOD_YO · wall_segment Stone Wall x2 |
| 28:40 | AOKI_Nyusika · wall_segment Stone Wall x7 |
| 28:44 | Gerbano · first_market_sell 100 food |
| 29:05 | ROBIN_HOOD_YO · wall_segment Stone Wall x2 |
| 29:13 | Ritter der Kokosnuss · first_building Barracks |
| 29:42 | AOKI_Nyusika · first_market_sell 100 stone |
| 30:09 | AOKI_Nyusika · first_building Barracks |
| 30:23 | AOKI_Nyusika · wall_segment Stone Wall x9 |
| 30:25 | AOKI_Nyusika · wall_segment Stone Wall x1 |
| 30:28 | |Thepejezombie · first_market_buy 100 food |
| 31:10 | AOKI_Nyusika · first_building Stable |
| 32:36 | ROBIN_HOOD_YO · first_building Barracks |
| 33:05 | AOKI_Nyusika · age_up imperial |
| 33:26 | ROBIN_HOOD_YO · first_building Stable |
| 34:55 | Gerbano · first_market_buy 500 food |
| 36:04 | Ritter der Kokosnuss · first_building Siege Workshop |
| 36:12 | Saint Martinique · first_building Castle |
| 36:19 | ROBIN_HOOD_YO · first_market_buy 100 stone |
| 36:21 | |Thepejezombie · first_building Siege Workshop |
| 37:21 | ROBIN_HOOD_YO · wall_segment Palisade Wall x1 |
| 37:48 | ROBIN_HOOD_YO · wall_segment Palisade Wall x1 |
| 38:29 | Gerbano · first_building Archery Range |
| 39:41 | Ritter der Kokosnuss · first_market_buy 100 stone |
| 40:06 | |Thepejezombie · first_building Castle |
| 40:11 | ROBIN_HOOD_YO · resign |
[ AI ANALYSIS · 1 CREDIT ]
What really happened in this match?
Wolo.gg analyzes every decision: build order, eco, micro, common mistakes by bracket. Personalized analysis on WhatsApp or Discord in 30 seconds.
Civ guide
Italians
Perfil
Jugador #1498879